Map: Odyssey LE

Players

Harstem

  • Race: Protoss Protoss
  • Spawn Location: 11:00

Stephano - Winner!

  • Race: Zerg Zerg
  • Spawn Location: 5:00

Event: WCS Jonkoping 2017

VOD

Have the link to the VOD?

Description

Time

  • Played on: June 17, 2017, 7:26 a.m.
  • Length: 23:45

All games in this series

Show
View Real Time Build Order
Export as new Build Order

Harstem Protoss 

Build Orders: 1 Gate Expand, Zealot Archon, Dark Templar Rush 

Get SALT Encoding   

  12  0:01  Probe (Chrono Boost)  
  13  0:11  Probe (Chrono Boost)  
  14  0:18  Pylon  
  14  0:22  Probe (Chrono Boost)  
  15  0:36  Probe (Chrono Boost)  
  15  0:38  Gateway  
  16  0:47  Probe (Chrono Boost)  
  17  0:53  Assimilator  
  17  0:57  Probe (Chrono Boost)  
  18  1:08  Probe (Chrono Boost)  
  19  1:18  Probe (Chrono Boost)  
  20  1:27  Nexus  
  20  1:34  Cybernetics Core  
  20  1:38  Probe (Chrono Boost)  
  21  1:43  Assimilator  
  21  1:48  Probe (Chrono Boost)  
  22  1:54  Pylon  
  22  1:59  Probe (Chrono Boost)  
  23  2:11  Warp Gate  
  23  2:12  Probe, Stalker (Chrono Boost)  
  26  2:24  Probe, Twilight Council  
  27  2:36  Probe (Chrono Boost)  
  28  2:38  Probe (Chrono Boost), Adept (Chrono Boost)  
  31  2:48  Probe (Chrono Boost)  
  32  2:53  Robotics Facility  
  32  2:56  Probe (Chrono Boost)  
  33  2:59  Probe (Chrono Boost)  
  34  3:06  Probe (Chrono Boost)  
  34  3:09  Probe (Chrono Boost)  
  36  3:15  Dark Shrine  
  36  3:17  Probe (Chrono Boost)  
  37  3:21  Gateway  
  37  3:22  Probe (Chrono Boost)  
  38  3:27  Probe (Chrono Boost)  
  38  3:32  Mothership Core (Chrono Boost)  
  41  3:37  Pylon  
  41  3:38  Probe (Chrono Boost)  
  41  3:41  Warp Prism (Chrono Boost)  
  44  3:49  Pylon, Probe  
  44  3:52  Charge (Chrono Boost), Probe  
  46  4:00  Gateway  
  46  4:01  Probe  
  47  4:03  Probe (Chrono Boost)  
  47  4:07  Gateway  
  48  4:13  Probe (Chrono Boost)  
  50  4:17  Probe (Chrono Boost)  
  50  4:24  Probe (Chrono Boost)  
  51  4:27  Nexus  
  51  4:29  Probe (Chrono Boost)  
  51  4:30  Pylon  
  52  4:33  Probe  
  53  4:40  Dark Templar x2  
  53  4:41  Probe  
  58  4:46  Probe  
  58  4:48  Assimilator  
  58  4:50  Assimilator  
  59  4:53  Probe  
  59  4:56  Probe  
  61  5:05  Pylon, Probe  
  62  5:07  Probe  
  63  5:15  Pylon  
  63  5:17  Probe x2  
  63  5:18  Dark Templar  
  63  5:19  Dark Templar  
  69  5:22  Pylon  
  69  5:23  Zealot x2  
  69  5:24  Archon x2  
  73  5:29  Probe x2  
  73  5:30  Forge  
  75  5:38  Immortal  
  75  5:40  Probe  
  75  5:41  Probe  
  81  5:49  Probe  
  81  5:54  Zealot x4, Probe  
  81  5:55  Probe  
  92  5:59  Probe  
  92  6:01  Pylon  
  91  6:05  Probe  
  82  6:18  Zealot  
  82  6:19  Zealot x3  
  82  6:20  Probe x2, Immortal  
  82  6:22  Protoss Ground Weapons Level 1  
  82  6:24  Probe  
  97  6:36  Probe  
  92  6:41  Zealot x4  
  92  6:46  Probe  
  94  6:50  Probe  
  94  6:52  Assimilator  
  94  6:53  Assimilator  
  96  6:54  Templar Archives  
  96  6:55  Pylon  
  96  6:56  Gateway  
  96  6:57  Probe  
  96  6:58  Gateway  
  97  7:01  Immortal  
  97  7:04  Zealot x4  
  103  7:17  Probe  
  103  7:18  Probe  
  103  7:20  Psionic Storm  
  101  7:23  Gateway  
  101  7:28  Gateway  
  101  7:30  Zealot, Sentry  
  101  7:31  Dark Templar x2  
  109  7:38  Archon  
  109  7:39  Immortal (Chrono Boost)  
  109  7:41  Pylon  
  109  7:44  Pylon  
  113  7:45  Pylon  
  113  7:46  Pylon  
  113  7:49  Pylon  
  113  7:57  High Templar x2  
  113  7:58  Dark Templar x2  
  121  8:02  Probe  
  121  8:04  Photon Cannon  
  120  8:05  Archon  
  120  8:08  Pylon  
  120  8:10  High Templar  
  120  8:11  Zealot  
  120  8:12  Probe  
  124  8:18  Immortal  
  129  8:30  High Templar  
  129  8:32  Zealot x4  
  137  8:38  Probe  
  138  8:42  Protoss Ground Weapons Level 2  
  138  8:45  Zealot  
  138  8:46  Dark Templar x2  
  138  8:47  Nexus  
  138  8:48  Probe  
  144  8:50  Pylon  
  144  8:51  Archon  
  143  8:55  Pylon  
  143  8:59  Assimilator  
  143  9:00  Dark Templar  
  143  9:01  Zealot x2, Dark Templar  
  143  9:02  Immortal  
  151  9:03  Probe, Assimilator  
  151  9:09  Archon  
  150  9:10  Pylon  
  150  9:13  Zealot x2  
  150  9:14  Pylon  
  155  9:18  Gateway  
  155  9:20  Photon Cannon, Gateway  
  154  9:24  Photon Cannon  
  154  9:36  Zealot x6  
  164  9:39  Immortal  
  164  9:45  High Templar x2  
  162  9:57  Zealot x5  
  160  10:03  High Templar  
  162  10:16  Observer, Probe, Robotics Facility  
  162  10:20  Photon Cannon  
  164  10:24  Zealot x5  
  158  10:39  Immortal  
  158  10:40  Dark Templar x4  
  158  10:41  Dark Templar x2  
  158  10:42  Dark Templar x2  
  172  10:45  Probe  
  172  10:46  Probe  
  172  10:48  Archon x3  
  172  10:49  Archon  
  178  10:50  Photon Cannon  
  178  10:54  Photon Cannon  
  178  10:56  Stargate  
  160  11:11  Probe  
  160  11:14  Zealot x2  
  160  11:15  Zealot  
  160  11:16  Zealot x3  
  160  11:18  Zealot  
  171  11:20  Pylon  
  161  11:32  Pylon, Immortal (Chrono Boost)  
  153  11:44  Zealot x4  
  153  11:45  Zealot x3  
  167  11:48  Immortal (Chrono Boost)  
  167  11:51  Fleet Beacon, Probe  
  167  11:53  Stargate  
  172  11:57  Photon Cannon  
  172  11:59  Photon Cannon  
  168  12:09  Observer (Chrono Boost), Dark Templar  
  168  12:10  Zealot x3, Dark Templar  
  179  12:17  Archon  
  179  12:18  Zealot x2  
  159  12:42  Zealot x2  
  141  12:47  Zealot x5  
  133  12:54  Archon  
  133  12:55  Probe  
  133  12:56  Warp Prism (Chrono Boost)  
  133  12:57  Immortal (Chrono Boost)  
  132  12:59  Probe  
  132  13:03  Photon Cannon  
  133  13:12  High Templar x2  
  137  13:13  High Templar x2  
  137  13:14  High Templar x4  
  137  13:15  High Templar  
  137  13:16  Archon  
  137  13:17  Archon  
  137  13:18  Archon x3  
  137  13:19  Nexus  
  147  13:28  Immortal (Chrono Boost)  
  113  13:45  High Templar  
  113  13:46  High Templar x3  
  113  13:48  Zealot x5  
  117  13:50  Archon  
  117  13:51  Archon  
  113  14:00  Immortal (Chrono Boost)  
  117  14:09  High Templar  
  119  14:10  Immortal (Chrono Boost), High Templar x4  
  131  14:21  Probe, Carrier (Chrono Boost)  
  138  14:29  Zealot x4  
  146  14:35  Immortal  
  146  14:36  Probe, Protoss Air Weapons Level 1 (Chrono Boost)  
  146  14:37  Photon Cannon  
  146  14:38  Carrier (Chrono Boost), Assimilator  
  151  14:44  Pylon  
  145  14:57  Dark Templar  
  145  14:58  Zealot x3, Dark Templar  
  145  14:59  Zealot x2  
  154  15:10  Archon  
  154  15:11  Probe  
  153  15:22  Pylon  
  153  15:30  Observer  
  153  15:34  Zealot x5  
  153  15:35  Zealot x3  
  170  15:39  Stargate  
  170  15:42  Photon Cannon  
  170  15:44  Photon Cannon  
  170  15:45  Pylon  
  170  15:49  Dark Templar  
  172  15:50  Photon Cannon  
  172  15:55  Zealot x2  
  172  15:56  Zealot x3  
  176  16:02  Zealot x2, Dark Templar  
  171  16:05  Probe  
  166  16:13  Carrier (Chrono Boost)  
  166  16:16  Zealot x2  
  166  16:17  Zealot x3  
  176  16:29  Graviton Catapult  
  168  16:38  Zealot x5  
  146  16:43  Zealot x4  
  146  16:44  Zealot x2  
  146  16:46  Protoss Air Weapons Level 2 (Chrono Boost)  
  156  16:56  Stargate  
  156  16:58  Stargate  
  154  17:02  Carrier (Chrono Boost)  
  154  17:08  Nexus  
  148  17:15  Dark Templar  
  148  17:16  Dark Templar x3  
  148  17:20  Archon x2  
  156  17:26  Carrier (Chrono Boost)  
  156  17:28  Void Ray (Chrono Boost)  
  166  17:36  Pylon  
  166  17:37  Warp Prism  
  166  17:40  Assimilator  
  166  17:42  Assimilator  
  166  17:43  Pylon  
  168  17:49  Zealot  
  168  17:50  Zealot x5  
  180  17:55  Observer  
  171  17:59  Protoss Ground Weapons Level 3  
  174  18:10  Oracle (Chrono Boost)  
  168  18:19  Photon Cannon  
  168  18:27  Photon Cannon, Carrier (Chrono Boost)  
  168  18:30  Photon Cannon  
  168  18:32  Photon Cannon  
  174  18:34  Photon Cannon  
  174  18:35  Zealot x3  
  174  18:41  High Templar x2  
  184  18:50  Zealot  
  182  18:57  Carrier  
  182  19:01  Zealot x5  
  198  19:06  Dark Templar  
  198  19:08  Carrier  
  195  19:37  Zealot, Dark Templar  
  187  19:48  Carrier (Chrono Boost)  
  187  19:49  Carrier (Chrono Boost)  
  191  20:02  Warp Prism  
  191  20:05  Probe  
  190  20:07  Protoss Air Weapons Level 3 (Chrono Boost)  
  184  20:15  Zealot  
  184  20:16  Zealot x3  
  192  20:24  Zealot x2  
  186  20:38  Nexus  
  186  20:39  Tempest (Chrono Boost)  
  188  20:42  Pylon  
  188  20:44  Assimilator  
  188  20:47  Assimilator  
  188  20:55  High Templar  
  188  20:56  High Templar x2  
  186  21:06  Archon  
  186  21:12  Tempest (Chrono Boost)  
  192  21:21  Photon Cannon  
  192  21:22  Photon Cannon, Tempest (Chrono Boost)  
  198  21:28  Observer  
  196  21:47  Tempest (Chrono Boost)  
  190  22:07  Pylon  
  188  22:09  Pylon  
  188  22:10  Pylon x2  
  188  22:12  Pylon x2  
  188  22:14  Pylon  
  188  22:28  Oracle (Chrono Boost)  
  190  22:39  Tempest x2 (Chrono Boost)  
  195  22:53  Zealot x2  
Show
View Real Time Build Order
Export as new Build Order

Stephano Zerg - Winner!

Build Orders: Hatch First 

Get SALT Encoding   

  12  0:01  Drone  
  13  0:13  Overlord  
  13  0:17  Drone  
  14  0:31  Drone x2  
  16  0:48  Hatchery  
  15  0:51  Drone  
  15  0:55  Drone  
  17  0:58  Drone  
  18  1:09  Extractor  
  17  1:13  Spawning Pool  
  17  1:17  Drone  
  17  1:21  Drone  
  18  1:30  Drone  
  19  1:39  Overlord  
  19  1:50  Drone  
  20  2:00  Queen  
  20  2:01  Queen  
  22  2:02  Zergling x2, Drone  
  26  2:11  Drone  
  26  2:12  Drone  
  26  2:14  Metabolic Boost  
  28  2:22  Drone  
  29  2:23  Drone  
  30  2:35  Hatchery  
  29  2:41  Queen  
  31  2:47  Overlord  
  31  2:49  Drone  
  31  2:50  Drone  
  33  2:52  Drone  
  33  2:56  Overlord  
  34  3:02  Drone  
  35  3:08  Drone x2  
  35  3:09  Drone x2  
  35  3:10  Drone  
  40  3:16  Queen  
  40  3:19  Drone  
  43  3:20  Drone  
  43  3:22  Drone  
  43  3:25  Overlord  
  45  3:27  Zergling x2  
  45  3:32  Drone x2  
  48  3:39  Evolution Chamber, Queen  
  48  3:41  Drone  
  50  3:44  Overlord  
  50  3:46  Drone  
  51  3:50  Spore Crawler, Drone  
  51  3:53  Spore Crawler  
  51  3:54  Drone  
  51  3:57  Drone  
  51  3:58  Drone  
  51  4:01  Spore Crawler, Drone  
  53  4:04  Drone  
  53  4:07  Zerg Melee Weapons Level 1  
  54  4:11  Overlord  
  54  4:14  Drone x2  
  54  4:15  Drone  
  57  4:19  Queen  
  57  4:23  Drone x2  
  61  4:24  Drone  
  61  4:27  Overlord  
  62  4:33  Baneling Nest, Extractor x2  
  62  4:34  Zergling x6  
  62  4:36  Zergling x2  
  63  4:45  Overlord  
  63  4:47  Zergling x8  
  63  4:48  Queen  
  63  4:50  Drone  
  70  4:53  Drone x3  
  70  4:58  Overlord  
  70  4:59  Drone  
  74  5:02  Drone x3  
  76  5:07  Overlord  
  76  5:08  Overlord  
  76  5:09  Drone  
  77  5:15  Overlord  
  77  5:18  Baneling x6  
  77  5:22  Drone x3  
  77  5:24  Extractor, Drone x2  
  77  5:26  Extractor, Drone  
  77  5:28  Extractor  
  80  5:30  Lair  
  80  5:31  Drone  
  81  5:36  Drone x4  
  85  5:47  Drone x2  
  86  5:51  Hatchery  
  86  5:52  Drone x5  
  86  5:53  Drone  
  91  5:57  Zergling x8  
  91  5:58  Zergling x2  
  95  6:07  Zergling x2  
  95  6:08  Zergling x4  
  93  6:13  Zergling x6  
  93  6:18  Drone x3  
  96  6:24  Overlord  
  96  6:25  Baneling  
  96  6:26  Baneling  
  96  6:28  Zergling x2  
  96  6:29  Zergling x10  
  99  6:33  Zergling x2  
  99  6:34  Zergling x2  
  95  6:40  Zergling x2  
  95  6:41  Queen x2  
  95  6:45  Hydralisk Den  
  95  6:46  Evolution Chamber  
  92  6:47  Zergling x4  
  92  6:48  Queen  
  93  6:54  Zergling x12  
  93  6:57  Baneling x7  
  97  7:04  Zergling x6  
  97  7:08  Zergling x2  
  97  7:10  Zerg Melee Weapons Level 2, Centrifical Hooks  
  96  7:17  Zergling x10  
  103  7:23  Overlord  
  103  7:25  Drone  
  103  7:27  Muscular Augments  
  103  7:28  Zerg Missile Weapons Level 1  
  104  7:30  Hatchery  
  104  7:32  Queen  
  104  7:35  Hydralisk x3  
  111  7:39  Hydralisk  
  111  7:42  Drone  
  111  7:43  Hydralisk  
  112  7:48  Overseer  
  112  7:49  Pneumatized Carapace  
  112  7:50  Hydralisk x2  
  116  7:54  Hydralisk  
  118  8:01  Hydralisk x5  
  118  8:05  Hydralisk x4  
  127  8:07  Overlord  
  127  8:09  Overlord  
  135  8:30  Drone x3  
  135  8:31  Drone x3  
  135  8:32  Hydralisk  
  142  8:34  Hydralisk  
  142  8:35  Hydralisk x4  
  142  8:37  Overlord x3  
  152  8:42  Overlord  
  151  8:50  Overlord  
  151  8:52  Zergling x2  
  151  8:53  Zergling x6  
  151  8:54  Extractor  
  153  8:55  Zergling x2  
  153  8:56  Zergling x4  
  153  9:01  Zergling x2  
  153  9:02  Hatchery  
  156  9:05  Zergling x6  
  156  9:06  Zergling x6  
  161  9:10  Overlord  
  161  9:11  Overlord  
  161  9:13  Zergling x8  
  165  9:17  Overseer  
  165  9:19  Zergling x2  
  165  9:20  Zergling x4  
  168  9:26  Zerg Missile Weapons Level 2  
  168  9:28  Zerg Ground Armor Level 1  
  168  9:29  Hydralisk  
  168  9:30  Hydralisk x3  
  175  9:40  Hydralisk x6  
  187  9:49  Hydralisk x6, Baneling x4  
  189  9:56  Hydralisk x4  
  190  10:01  Hydralisk x3  
  189  10:09  Zergling x2  
  189  10:10  Zergling x4  
  189  10:13  Infestation Pit  
  191  10:20  Zergling x18  
  200  10:28  Hatchery  
  199  10:32  Zergling x6  
  200  10:37  Baneling  
  200  10:38  Baneling x7  
  197  10:48  Zergling x2  
  197  10:49  Zergling x4  
  200  10:53  Hive  
  200  10:55  Spire  
  182  11:13  Hydralisk x6  
  182  11:16  Zergling x4  
  182  11:17  Zergling x18  
  196  11:19  Hydralisk  
  196  11:20  Hydralisk x3  
  191  11:26  Hydralisk  
  191  11:27  Hydralisk x6  
  191  11:30  Hydralisk x2  
  193  11:34  Hydralisk  
  193  11:35  Hydralisk  
  193  11:41  Zergling x4  
  193  11:42  Zergling x2  
  193  11:43  Zergling x4  
  193  11:44  Zergling x6  
  196  11:47  Zergling x2  
  196  11:51  Zergling x8  
  200  11:56  Overlord  
  200  12:01  Baneling x3  
  200  12:02  Baneling x7  
  200  12:07  Zergling x2  
  200  12:08  Zergling x6  
  200  12:09  Overlord  
  200  12:10  Overseer  
  200  12:11  Zerg Melee Weapons Level 3  
  200  12:12  Greater Spire  
  197  12:21  Zerg Missile Weapons Level 3  
  197  12:22  Zergling x6  
  196  12:34  Zergling x8  
  181  12:39  Hydralisk  
  181  12:40  Hydralisk x7  
  181  12:43  Zergling x8  
  162  12:46  Zergling x2  
  162  12:47  Zergling x4  
  162  12:50  Zergling x6  
  139  12:53  Zergling x2  
  139  12:54  Zergling x6  
  139  12:57  Zergling x4  
  123  12:59  Hydralisk  
  123  13:00  Hydralisk  
  123  13:03  Baneling x6  
  123  13:04  Baneling  
  123  13:05  Baneling x2  
  127  13:06  Baneling  
  127  13:10  Zergling x6  
  128  13:13  Zergling x6  
  128  13:15  Baneling  
  128  13:16  Baneling x4  
  131  13:21  Zergling x8  
  131  13:24  Hydralisk  
  134  13:29  Zergling x8  
  118  13:42  Corruptor  
  118  13:43  Corruptor x3  
  125  13:51  Extractor  
  125  13:52  Corruptor x3, Extractor  
  129  14:14  Hatchery  
  136  14:17  Brood Lord  
  136  14:18  Brood Lord x3  
  136  14:22  Corruptor x2  
  140  14:29  Zergling x4, Brood Lord  
  140  14:30  Zergling x6  
  143  14:49  Drone x3  
  146  14:58  Zerg Flyer Armor Level 1  
  126  15:16  Brood Lord x3  
  126  15:17  Zergling x20  
  126  15:18  Zergling x16  
  150  15:28  Adrenal Glands  
  150  15:36  Corruptor x4  
  150  15:37  Corruptor x2  
  162  15:44  Zergling x8  
  162  15:45  Zergling x2  
  166  15:59  Zergling x18  
  166  16:04  Zergling x6  
  167  16:08  Zergling x6  
  156  16:15  Zergling x10  
  154  16:26  Brood Lord  
  147  16:43  Hydralisk x6  
  158  16:52  Brood Lord  
  156  16:57  Drone x5  
  161  17:07  Burrow, Pathogen Glands  
  160  17:18  Zerg Flyer Armor Level 2  
  160  17:25  Spine Crawler  
  160  17:26  Overseer  
  160  17:27  Overlord  
  159  17:32  Overseer  
  159  17:41  Infestor  
  159  17:42  Infestor x4  
  169  17:49  Extractor  
  169  17:50  Extractor  
  167  17:56  Brood Lord x2  
  167  17:57  Infestor x2  
  171  18:04  Neural Parasite  
  171  18:26  Infestor x5  
  179  18:44  Zergling x26  
  179  18:45  Zergling x14  
  197  19:17  Zergling x10  
  199  19:40  Overseer  
  196  19:51  Zergling x6  
  193  19:57  Infestor x4  
  199  20:00  Zergling x2  
  191  20:08  Corruptor x4  
  195  20:14  Spire  
  190  20:31  Spore Crawler, Zergling x6  
  190  20:32  Spore Crawler, Zergling x18  
  190  20:33  Spore Crawler  
  190  20:34  Spore Crawler x2  
  190  20:35  Spore Crawler  
  194  20:36  Spore Crawler  
  191  20:43  Zergling x16  
  199  20:52  Overlord x2  
  199  20:54  Hatchery  
  199  20:56  Overseer  
  198  20:58  Overseer  
  197  21:24  Queen  
  199  21:31  Spore Crawler x2, Greater Spire  
  197  21:53  Hatchery  
  196  22:07  Drone x3  
  196  22:08  Spore Crawler x2  
  198  22:09  Spore Crawler  
  198  22:10  Spore Crawler x2  
  193  22:17  Queen  
  195  22:38  Hatchery  
Tags
 
Add a new tag
Caveats
  • Supply blocks, unpowered buildings, or Contaminate may cause inaccurate times.
  • Supply counts are checked every 10 seconds.